 Dungeon Crawl Stone Soup version 0.22-a0-412-g2b68d14 (webtiles) character file.

70 Borgoz the Skirmisher (level 4, -1/29 HPs)
             Began as a Gargoyle Abyssal Knight on May 12, 2018.
             Was a Follower of Lugonu.
             Slain by a gnoll (2 damage)
             ... on level 2 of the Dungeon.
             The game lasted 00:01:51 (1234 turns).

Borgoz the Skirmisher (Gargoyle Abyssal Knight)     Turns: 1234, Time: 00:01:52

Health: -1/29      AC:  6    Str: 16    XL:     4   Next: 21%
Magic:  6/6        EV: 11    Int: 17    God:    Lugonu [*.....]
Gold:   37         SH:  0    Dex: 10    Spells: 3/3 levels left

rFire    . . .     SeeInvis .   a - +1 hand axe
rCold    . . .     Gourm    .   (no shield)
rNeg     + . .     Faith    .   j - +0 leather armour
rPois    ∞         Spirit   .   (no helmet)
rElec    +         Reflect  .   (no cloak)
rCorr    .         Harm     .   (no gloves)
MR       .....                  (no boots)
Stlth    +.........             (no amulet)
HPRegen  0.09/turn              (no ring)
MPRegen  0.10/turn              (no ring)

@: brilliant, about to teleport
A: negative energy resistance 1, electricity resistance, unbreathing,
petrification resistance, rot immunity, AC +3
a: Depart the Abyss, Renounce Religion


You were on level 2 of the Dungeon.
You worshipped Lugonu.
Lugonu was aware of your devotion.
You were very hungry.

You visited 1 branch of the dungeon, and saw 2 of its levels.
You visited the Abyss 1 time.

You collected 37 gold pieces.

Inventory:

Hand Weapons
 a - a +1 hand axe (weapon)
 b - a +2 whip of electrocution
Armour
 f - a +2 shield
 j - a +0 leather armour (worn)
Jewellery
 g - an uncursed ring of wizardry
Scrolls
 d - 2 scrolls of identify
 i - a scroll of remove curse {unknown}
Comestibles
 c - 2 rations


   Skills:
 + Level 3.6 Fighting
 * Level 2.6 Axes
 + Level 2.8 Armour
 + Level 1.3 Dodging
 + Level 2.7 Invocations


You had 3 spell levels left.
You didn't know any spells.
Your spell library was empty.

Dungeon Overview and Level Annotations

Branches:
Dungeon (2/15)

Altars:
Qazlal


Innate Abilities, Weirdness & Mutations

You are resistant to torment.
Your stone body is resilient. (AC +3)
You are immune to poison.
You resist negative energy. (rN+)
You are resistant to electric shocks. (rElec)
You can survive without breathing.
You are immune to petrification.
You are immune to rotting.


Message History

g - an uncursed ring of wizardry The gnoll barely misses you.
As you read the scroll of identify, it crumbles to dust.
h - a scroll of teleportation The gnoll hits you but does no damage.
As you read the scroll of teleportation, it crumbles to dust.
You feel strangely unstable. The gnoll hits you.
* * * LOW HITPOINT WARNING * * *
You hit the gnoll.
The gnoll is severely wounded.
The gnoll barely misses you.
You completely miss the gnoll.
The gnoll is severely wounded.
The gnoll hits you.
* * * LOW HITPOINT WARNING * * *
The phantom blinks!
You hit the gnoll but do no damage.
The gnoll is severely wounded.
The gnoll barely misses you. The gnoll hits you.
You die...

.........#
.........#
.........#
(.....)..#
........§#
.......#g#
##....##g#
...... #g#
####. #@# #.
#.# #. ##.#
#.##..# §
#.#...# . # ..
#.#.#.# ..#.#.
#.#.#.# .§.≈#.
#.#.#.#
.^≈§^^##...#.#
.


You could see 3 gnolls.

Vanquished Creatures
  3 adders (D:2)
  A worm (D:2)
  A dart slug (D:1)
  A giant cockroach (D:1)
  3 goblins (D:1)
  3 hobgoblins (D:1)
  11 kobolds
  A quokka (D:2)
  5 bats (D:1)
  3 frilled lizards (D:1)
  6 rats
38 creatures vanquished.

Vanquished Creatures (others)
  11 toadstools (D:2)
11 creatures vanquished.

Grand Total: 49 creatures vanquished

Notes
Turn   | Place    | Note
-------+----------+-------------------------------------------
     0 | Abyss:1  | Borgoz the Gargoyle Abyssal Knight began the quest for the Orb.
     0 | Abyss:1  | Reached XP level 1. HP: 14/14 MP: 2/2
    43 | Abyss:2  | Noticed a large abomination
    57 | Abyss:2  | Noticed a small abomination
    66 | D:1      | Escaped the Abyss
   129 | D:1      | Reached XP level 2. HP: 12/19 MP: 3/3
   132 | D:1      | Reached * piety under Lugonu
   132 | D:1      | Reached skill level 1 in Dodging
   510 | D:1      | Reached XP level 3. HP: 21/23 MP: 4/4
   989 | D:2      | Reached XP level 4. HP: 10/28 MP: 4/6
  1187 | D:2      | Found a stormy altar of Qazlal.
  1203 | D:2      | Noticed a phantom
  1233 | D:2      | HP: 1/29 [gnoll (2)]
  1234 | D:2      | Slain by a gnoll

Vault maps used:
D:1:      grunt_arrival_crossed_arrows
D:2:      cheibrodos_fertilizer, nemelex_xobeh_ov_fountains_minmay,
          grunt_qazlal_sundering, first_ration

Skill      XL: |  1  2 |
---------------+-------+-----
Axes           | 2 |  2.6
Dodging        | 1 |  1.3
Fighting       | |  3.6
Armour         | |  2.8
Invocations    | |  2.7

Action                   |  1- 3 |  4- 6 || total
-------------------------+-------+-------++-------
Melee: Hand axe          |    90 |    22 ||   112
Invok: Depart the Abyss  |     1 |       ||     1
  Use: Scroll            |       |     3 ||     3
       Potion            |       |     1 ||     1
Armor: Leather armour    |    36 |    13 ||    49
Dodge: Dodged            |    55 |    26 ||    81
Block: Shield            |    22 |       ||    22

Table legend:
 A = Spawn XP
 B = Non-spawn XP
 C = Spawn XP percentage of total XP
 D = Spawn monster count
 E = Non-spawn monster count
 F = Spawn count percentage of total count
 G = Total turns spent on level
                    A         B        C        D         E        F      G
               +---------+---------+-------+---------+---------+-------+---------
         Total |       0 |     100 |   0.0 |       0 |      38 |   0.0 |  1234
               +---------+---------+-------+---------+---------+-------+---------
           D:1 |       0 |      48 |   0.0 |       0 |      30 |   0.0 |   728
           D:2 |       0 |      52 |   0.0 |       0 |       8 |   0.0 |   440
               +---------+---------+-------+---------+---------+-------+---------
